 Dungeon Crawl Stone Soup version 0.18-a0-1800-gdc7a371 (webtiles) character file.

514 Grenyer the Twirler (level 7, -2/42 HPs)
             Began as a Gargoyle Gladiator on Apr 25, 2016.
             Slain by an ogre
             ... wielding a +0 giant club
              (16 damage)
             ... on level 4 of the Dungeon.
             The game lasted 00:08:22 (2401 turns).

Grenyer the Twirler (Gargoyle Gladiator)            Turns: 2401, Time: 00:08:23

Health: -2/42      AC: 11    Str: 19    XL:     7   Next: 20%
Magic:  7/7        EV: 13    Int:  8    God:
Gold:   92         SH:  0    Dex: 12    Spells: 0 memorised, 6 levels left

rFire  . . .     SeeInvis .     q - +2 quarterstaff (chaos)
rCold  . . .     Gourm    .     b - +0 leather armour
rNeg   + + .     Faith    .     (shield currently unavailable)
rPois  ∞         Spirit   .     c - +0 helmet
rElec  +         Dismiss  .     r - +1 cloak {rPois}
rCorr  .         Reflect  .     (no gloves)
SustAt .         Harm     .     (no boots)
MR     .....                    p - amulet of magic regeneration
Stlth  +.........               t - +4 ring of slaying
                                n - ring of positive energy

@: not resistant to hostile enchantments, very unstealthy
A: negative energy resistance 1, electricity resistance, unbreathing,
petrification resistance, rot immunity, AC +4
a: no special abilities


You were on level 4 of the Dungeon.
You were not hungry.

You visited 1 branch of the dungeon, and saw 4 of its levels.

You collected 92 gold pieces.

Inventory:

Hand Weapons
 a - a +0 quarterstaff
 q - a +2 quarterstaff of chaos (weapon)
Missiles
 d - 3 throwing nets (quivered)
Armour
 b - a +0 leather armour (worn)
 c - a +0 helmet (worn)
 r - a +1 cloak of poison resistance (worn)
Jewellery
 n - a ring of positive energy (left hand)
 p - an amulet of magic regeneration (around neck)
 t - a +4 ring of slaying (right hand)
Wands
 s - a wand of iceblast (5/15)
Scrolls
 e - a scroll of blinking {unknown}
 h - 4 scrolls of identify {unknown}
 k - 2 scrolls of amnesia {unknown}
 o - a scroll of fear {unknown}
Potions
 j - a potion of agility {unknown}
 l - a potion of cancellation {unknown}
 m - a potion of beneficial mutation {unknown}
 u - 2 potions of haste {unknown}
 v - a potion of curing {unknown}
 z - a potion of brilliance {unknown}
Books
 x - a book of Callings

   Spells                             Type                      Level
   a - Summon Small Mammal            Summoning                    1
   b - Call Imp                       Summoning                    2
   c - Call Canine Familiar           Summoning                    3
   d - Summon Guardian Golem          Hexes/Summoning              3
   e - Summon Lightning Spire         Summoning/Air                4
   f - Summon Ice Beast               Ice/Summoning                4
Comestibles
 f - a bread ration
 g - a beef jerky
 i - 4 meat rations
 w - 4 chunks of flesh


   Skills:
 + Level 3.8 Fighting
 * Level 5.7 Staves
 - Level 1.7 Throwing
 + Level 3.5 Armour
 + Level 3.5 Dodging


You had 6 spell levels left.
You didn't know any spells.

Dungeon Overview and Level Annotations

Branches:
Dungeon (4/15)
 Temple: D:4-7

Altars:
Makhleb
Nemelex Xobeh
Yredelemnul

Annotations:
D:3 Natasha


Innate Abilities, Weirdness & Mutations

You are resistant to torment.
Your stone body is resilient (AC +4).
You are immune to poison.
You resist negative energy.
You are resistant to electric shocks.
You can survive without breathing.
You are immune to petrification.
You are immune to rotting.


Message History

Natasha shimmers violently.
There is a stone staircase leading down here.
The kobold shouts!
You sock the ogre!
You feel better.
The ogre is heavily wounded.
The hobgoblin completely misses you. The ogre hits you with a giant club!!
Ouch! That really hurt!
The hobgoblin hits you but does no damage.
Natasha claws you but does no damage. The ogre hits you with a giant club!
* * * LOW HITPOINT WARNING * * *
You climb downwards.
There is a stone staircase leading up here.
Unknown command.
There is an open door here.
You open the door. The hobgoblin barely misses you.
There is an open door here.
The hobgoblin hits you but does no damage.
There is an open door here.
The ogre hits you with a giant club!
You die...

#...#.......#.........#.....
#)..#.......+........(#.....
#...'.......##...##..##.....
#...#.......##...##..#......
##..#...g........#...#......
##..#............#...#......
######...#............#...#......
.....#...#.....O......##..#......
.........#......@##...##..#######
..#......#.......#######..#.....#
.###..#..#............#...#.....#
#####....#............#...#.....'
##.#'#...#.......##...##..##....#
#._.###..#.......##.).##..##....#
##.#'#...#.......#....##.†##....#
#####....#.......#........'.....#
.###..#..#..<....#........#.....+


You could see an ogre and a hobgoblin.

Vanquished Creatures
  Duvessa (D:4)
  An ogre (D:4)
  Dowan (D:4)
  A howler monkey (D:4)
  Crazy Yiuf (D:2)
  An iguana (D:4)
  2 worker ants (D:4)
  A hound skeleton (D:4)
  6 adders
  An ooze (D:4)
  A dart slug (D:2)
  2 giant geckos
  An orc (D:4)
  3 bats (D:1)
  3 giant cockroaches (D:1)
  6 goblins
  7 hobgoblins
  7 jackals
  A quokka (D:4)
  A giant newt (D:4)
  6 kobolds
  A quokka skeleton (D:4)
  5 rats (D:1)
60 creatures vanquished.

Notes
Turn   | Place    | Note
--------------------------------------------------------------
     0 | D:1      | Grenyer the Gargoyle Gladiator began the quest for the Orb.
     0 | D:1      | Reached XP level 1. HP: 12/12 MP: 1/1
    72 | D:1      | Reached skill level 1 in Armour
   192 | D:1      | Reached XP level 2. HP: 17/17 MP: 2/2
   451 | D:1      | Reached XP level 3. HP: 10/22 MP: 3/3
   967 | D:2      | Reached XP level 4. HP: 20/27 MP: 4/4
   971 | D:2      | Reached skill level 4 in Staves
  1171 | D:2      | Found a burning altar of Makhleb.
  1322 | D:2      | Noticed Crazy Yiuf
  1330 | D:2      | Killed Crazy Yiuf
  1463 | D:3      | Noticed an ogre
  1469 | D:3      | Noticed Natasha
  1474 | D:4      | Reached XP level 5. HP: 32/32 MP: 5/5
  1519 | D:4      | Found a sparkling altar of Nemelex Xobeh.
  1654 | D:4      | Noticed Duvessa
  1654 | D:4      | Noticed Dowan
  1672 | D:4      | Killed Duvessa
  1672 | D:4      | Reached skill level 5 in Staves
  1672 | D:4      | Reached XP level 6. HP: 21/37 MP: 6/6
  1679 | D:4      | Killed Dowan
  1955 | D:4      | Found a basalt altar of Yredelemnul.
  2176 | D:4      | Reached XP level 7. HP: 39/42 MP: 7/7
  2401 | D:4      | Slain by an ogre

Vault maps used:
D:1:      co_arrival_random_square_maze
D:2:      lemuel_coloured_pillars_altar, uniq_crazy_yiuf_cottage
D:3:      trog_eyes_of_draining, uniq_natasha, uniq_sigmund
D:4:      yredelemnul_altar_generic, nemelex_diamond_rough_becter, uniq_duvessa

Skill      XL: |  1  2  3  4  5  6 |
---------------+-------------------+-----
Armour         | 1 2 3 |  3.5
Staves         | 4 5 |  5.7
Fighting       | 3 |  3.8
Dodging        | 3 |  3.5
Throwing       | |  1.7

Action                   |  1- 3 |  4- 6 |  7- 9 || total
-------------------------+-------+-------+-------++-------
Melee: Quarterstaff      |    94 |    84 |     4 ||   182
 Stab: Sleeping          |     1 |       |       ||     1
       Invisible         |       |     3 |       ||     3
  Eat: Chunk             |       |     4 |     1 ||     5
Armor: Leather armour    |    38 |    26 |     4 ||    68
Dodge: Dodged            |    75 |    53 |     3 ||   131
